 Dungeon Crawl Stone Soup version 0.32-a0-290-g598725c5f2 (webtiles) character file.

Game seed: 16499260488458060064

71 Dittersdorf the Trooper (level 4, 0/29 HPs)
             Began as a Gargoyle Fighter on Feb 13, 2024.
             Killed by divine providence
             ... invoked by an orc priest
              (10 damage)
             ... on level 2 of the Dungeon.
             The game lasted 00:01:21 (1549 turns).

Dittersdorf the Trooper (Gargoyle Fighter)          Turns: 1549, Time: 00:01:21

Health: 0/29       AC: 13    Str: 21    XL:     4   Next: 24%
Magic:  4/4        EV:  9    Int:  9    God:
Gold:   54         SH:  4    Dex:  9    Spells: 3/3 levels left

rFire   . . .        a - +0 flail
rCold   . . .        c - +0 buckler
rNeg    + . .        o - +3 scale mail
rPois   ∞            (no helmet)
rElec   +            (no cloak)
rCorr   .            (no gloves)
SInv    .            (no boots)
Will    .....        (no amulet) Stlth
                     (no ring)
HPRegen 0.24/turn    (no ring)
MPRegen 0.09/turn

%: no passive effects
@: no status effects
A: sickness immunity, AC +3, negative energy resistance 1, electricity
resistance, torment resistance 1, petrification resistance
a: Convert to Beogh


You were on level 2 of the Dungeon.
You visited 1 branch of the dungeon, and saw 3 of its levels.

You collected 54 gold pieces.

Inventory:

Hand Weapons
 a - a +0 flail (weapon)
Missiles
 g - a throwing net (quivered)
Armour
 c - a +0 buckler (worn)
 o - a +3 scale mail (worn)
Scrolls
 f - 2 scrolls of teleportation {unknown}
 h - a scroll of poison {unknown}
 i - 2 scrolls of identify {unknown}
 j - a scroll of torment {unknown}
 l - a scroll of enchant armour {unknown}
 m - a scroll of amnesia {unknown}
 n - 2 scrolls of fear {unknown}
Potions
 d - a potion of might
 e - 2 potions of heal wounds {unknown}
 k - a potion of attraction {unknown}


   Skills:
 + Level 3.9 Fighting
 + Level 2.7 Maces & Flails
 + Level 3.9 Armour
 + Level 3.9 Shields


You had 3 spell levels left.
You didn't know any spells.
Your spell library contained the following spells:

 Spells                   Type           Power      Damage    Failure   Level
 Blink                    Tloc           0%         N/A       89%         2
 Ensorcelled Hibernation  Hex/Ice        0%         N/A       89%         2
 Lesser Beckoning         Tloc           0%         N/A       89%         2
 Mercury Vapours          Alch/Air       0%         N/A       89%         2
 Momentum Strike          Conj/Tloc      0%         3d8       89%         2
 Frozen Ramparts          Ice            0%         1d1       98%         3
 Gell's Gravitas          Tloc           0%         N/A       98%         3
 Mephitic Cloud           Conj/Alch/Air  0%         N/A       98%         3
 Passwall                 Erth           0%         N/A       98%         3
 Swiftness                Air            0%         N/A       98%         3
 Teleport Other           Tloc           0%         N/A       98%         3
 Leda's Liquefaction      Alch/Erth      0%         N/A       100%        4
 Petrify                  Alch/Erth      0%         N/A       100%        4
 Freezing Cloud           Conj/Ice/Air   0%         6-21      100%        5
 Metabolic Englaciation   Hex/Ice        0%         N/A       100%        5


Dungeon Overview and Level Annotations

Branches:
Dungeon (3/15)

Altars:


Innate Abilities, Weirdness & Mutations

You are immune to sickness and miasma.
Your stone body is resilient. (AC +3)
You are immune to poison.
You resist negative energy. (rN+)
You are resistant to electric shocks. (rElec)
You are resistant to unholy torment.
You are immune to petrification.


Message History

Beogh smites you! The orc closely misses you.
The orc priest threatens, "Beogh's wrath is as vast as their mercy.
Make your choice!" (press Y on the ability menu to convert to Beogh)
There is a stone staircase leading up here.
The orc closely misses you.
You climb upwards.
There is a stone staircase leading down here.
You start resting.
HP restored.
You climb downwards.
The orc priest miscasts a cantrip.
The orc priest looks encouraged for a moment.
The orc hits you from afar with a +0 trident!
There is a stone staircase leading up here.
The orc barely misses you.
The orc priest hits you but does no damage.
The orc hits you but does no damage.
You climb upwards.
There is a stone staircase leading down here.
You barely miss the orc priest.
The orc priest hits you with a +0 flail.
You barely miss the orc priest.
The orc priest looks satisfied for a moment.
You hit the orc priest.
The orc priest is moderately wounded.
The orc priest mumbles some strange prayers to Beogh against you.
You barely resist.
The orc priest calls down the wrath of Beogh upon you.
Beogh smites you!
You hit the orc priest but do no damage.
The orc priest is moderately wounded.
The orc priest hits you with a +0 flail.
You barely miss the orc priest.
The orc priest is moderately wounded.
The orc priest hits you but does no damage.
You hit the orc priest.
The orc priest is moderately wounded.
The orc priest calls down the wrath of Beogh upon you.
Beogh smites you!
You die...

.................# #.# #.#
.....######.####.# #.# #.#
.....#.......# #.# #.# #.#
.....#.......###.# #.####.#
.....#........##.###.#....#
.....#......#..#.##....####
.....#########.#.#...###
..........# ##.#...#.###
#.##......# #...@o.....#
..##......# #.##########
####......###.#
#..........# #.......####
#.....(.# ####.......#
...........# .##........#


You could see an orc priest.

Vanquished Creatures
  An adder (D:2)
  A dart slug (D:1)
  An orc (D:2)
  2 ball pythons
  2 endoplasms
  2 giant cockroaches (D:1)
  7 goblins
  3 hobgoblins
  A quokka (D:2)
  3 bats
  3 frilled lizards
  3 kobolds
  4 rats
33 creatures vanquished.

Notes
Turn   | Place    | Note
-------+----------+-------------------------------------------
     0 | D:1      | Dittersdorf the Gargoyle Fighter began the quest for the
                  | Orb.
     0 | D:1      | Reached XP level 1. HP: 14/14 MP: 1/1
    64 | D:1      | Reached XP level 2. HP: 14/19 MP: 2/2
   342 | D:1      | Reached XP level 3. HP: 23/23 MP: 3/3
   663 | D:2      | Found a faded altar of an unknown god.
   985 | D:2      | Reached XP level 4. HP: 27/29 MP: 4/4
  1549 | D:2      | Killed from afar by an orc priest

Illustrated notes

Levels and vault maps discovered:
D:1:      ncdulo_lavacross, layout_basic, minmay_misc_feat_enclosed
D:2:      layout_basic, hellmonk_ecumenical_altar_blasted
D:3:      layout_loops_ring, serial_shops, shop

Action                     |  1- 3 |  4- 6 || total
---------------------------+-------+-------++-------
  Melee: Flail             |    88 |    28 ||   116
 Armour: Scale mail        |    67 |    24 ||    91
  Dodge: Dodged            |    33 |    13 ||    46
  Block: Buckler           |    18 |     5 ||    23

Table legend: (Time is in decaauts)
 A = Elapsed time spent in this place.
 B = Non-inter-level travel time spent in this place.
 C = Inter-level travel time spent in this place.
 D = Time resting spent in this place.
 E = Time spent auto-exploring this place.
 F = Levels seen in this place.
 G = Mean time per level.
                   A        B        C        D        E       F      G
               +--------+--------+--------+--------+--------+-----+--------+
         Total |   1586 |   1506 |     80 |     52 |   1152 |   3 |  528.7 |
       Dungeon |   1586 |   1506 |     80 |     52 |   1152 |   3 |  528.7 |
               +--------+--------+--------+--------+--------+-----+--------+

Top non-repeatable levels by time:
     D:2: 944 daAuts
     D:1: 604 daAuts
     D:3: 37 daAuts
